 Dungeon Crawl Stone Soup version 0.16-a0-3215-g5dfac0e (webtiles) character file.

189 KaKa the Chiller (level 5, -5/35 HPs)
             Began as a Merfolk Ice Elementalist on Dec 20, 2014.
             Slain by an orc warrior
             ... wielding a +0 halberd
              (16 damage)
             ... on level 3 of the Dungeon.
             The game lasted 00:20:38 (3611 turns).

KaKa the Chiller (Merfolk Ice Elementalist)         Turns: 3611, Time: 00:20:38

Health: -5/35      AC:  6    Str:  8    XL:     5   Next: 68%
Magic:  4/11       EV: 12    Int: 15    God:
Gold:   172        SH:  3    Dex: 15    Spells: 4 memorised, 0 levels left

rFire  . . .     SeeInvis .     v - +0 war axe
rCold  . . .     Clarity  .     a - +0 robe
rNeg   . . .     SustAb   .     g - +0 buckler
rPois  .         Gourm    .     (no helmet)
rElec  .         Spirit   .     s - +0 cloak
rCorr  .         Warding  .     (no gloves)
rMut   .         Stasis   .     q - +2 pair of boots
MR     .....                    (no amulet)
Stlth  ++........               (no ring)
                                (no ring)

@: invisible, not resistant to hostile enchantments, unstealthy
A: change form in water, swift swim
a: no special abilities


You were on level 3 of the Dungeon.
You were hungry.

You visited 1 branch of the dungeon, and saw 3 of its levels.

You collected 172 gold pieces.

Inventory:

Hand weapons
 r - a +0 hand axe of flaming
 v - a +0 war axe (weapon)
Missiles
 d - 12 stones
 e - 3 javelins (quivered)
Armour
 a - a +0 robe (worn)
 g - a +0 buckler (worn)
 n - a +0 leather armour
 q - a +2 pair of boots (worn)
 s - a +0 cloak (worn)
 z - a +2 cloak
Jewellery
 j - an uncursed ring of ice
Scrolls
 i - 3 scrolls of remove curse
 k - a scroll of enchant armour {unknown}
 t - a scroll of immolation {unknown}
 u - a scroll of teleportation {unknown}
 w - a scroll of fog {unknown}
 y - a scroll of identify {unknown}
Potions
 h - a potion of resistance
 l - a potion of lignification {unknown}
 m - a potion of curing {unknown}
 o - a potion of haste {unknown}
Books
 b - a book of Frost

   Spells                             Type                      Level
   a - Freeze                         Ice                          1
   b - Throw Frost                    Conjuration/Ice              2
   c - Ozocubu's Armour               Charms/Ice                   3
   d - Throw Icicle                   Conjuration/Ice              4
   e - Summon Ice Beast               Ice/Summoning                4
   f - Condensation Shield            Ice                          4
Comestibles
 c - 3 bread rations
 p - a beef jerky
 x - 2 chunks of flesh


   Skills:
 - Level 2.6 Dodging
 - Level 2.1 Stealth
 + Level 3.4 Spellcasting
 - Level 0.7 Conjurations
 + Level 1.9 Charms
 + Level 5.3 Ice Magic


You couldn't memorise any spells.
You knew the following spells:

 Your Spells              Type           Power        Failure   Level  Hunger
a - Freeze                Ice            ###.         2%          1    None
b - Throw Frost           Conj/Ice       ##....       12%         2    ##.....
c - Ozocubu's Armour      Chrm/Ice       ##......     21%         3    ###....
d - Throw Icicle          Conj/Ice       ##......     77%         4    ####...


Dungeon Overview and Level Annotations

Branches:
Dungeon (3/15)

Altars:
Yredelemnul

Annotations:
D:3 Grinder


Message History

Aim: an orc warrior, wielding a halberd and wearing a plate armour (heavily wounded)
You freeze the orc warrior.
The orc warrior is heavily wounded.
The orc warrior hits you with a halberd!
* * * LOW HITPOINT WARNING * * *
The orc warrior barely misses you.
Your icy armour starts to melt.
Your icy armour evaporates.
You see here a rat skeleton.
Read which item? (? for menu, Esc to quit)
As you read the scroll labeled JYALUETHIOSUDU, it crumbles to dust.
You feel blessed for a moment.
It was a scroll of remove curse.
There are monsters nearby!
Read which item? (? for menu, Esc to quit)
Okay, then.
Drink which item? (? for menu, Esc to quit)
It was a potion of invisibility.
You fade into invisibility!
The orc warrior hits you from afar with a halberd!
You die...

##.# #....#. #.# #....#.
#.# #..#### #.# #....#.
#.# #.#..#. #######
#.###.#.... #.....#
#.##..#.### #.....#####
######.....
#......@..#########.....
#....o######.._..####.#.
#...o.# ##...###...#.
###รท### #.....######.
#.# ##...## #. #.# ##'##
#. #.# ###.#### ##
#.########.#.##.#
#.............#.####


You could see an orc warrior and an orc.

Vanquished Creatures
  Crazy Yiuf (D:3)
  An orc priest (D:3)
  An orc wizard (D:3)
  2 adders (D:2)
  2 worms
  9 orcs (D:3)
  8 bats
  4 giant cockroaches
  2 goblins (D:3)
  10 hobgoblins
  10 kobolds
  3 ball pythons
  3 giant geckos
  8 giant newts
  9 rats
  A spectral orc (D:3)
74 creatures vanquished.

Notes
Turn   | Place    | Note
--------------------------------------------------------------
     0 | D:1      | KaKa, the Merfolk Ice Elementalist, began the quest for the Orb.
     0 | D:1      | Reached XP level 1. HP: 13/13 MP: 3/3
   369 | D:1      | Reached XP level 2. HP: 19/19 MP: 1/4
   492 | D:1      | Learned a level 2 spell: Throw Frost
  1236 | D:2      | Reached skill level 4 in Ice Magic
  1236 | D:2      | Reached XP level 3. HP: 10/24 MP: 2/6
  1839 | D:2      | Reached XP level 4. HP: 26/30 MP: 0/8
  2074 | D:2      | Learned a level 3 spell: Ozocubu's Armour
  2221 | D:3      | Reached skill level 1 in Charms
  2330 | D:3      | Noticed Grinder
  2330 | D:3      | Paralysed by Grinder for 7 turns
  2602 | D:3      | Reached skill level 5 in Ice Magic
  2902 | D:3      | Reached XP level 5. HP: 30/35 MP: 8/11
  3087 | D:3      | Paralysed by Grinder for 5 turns
  3317 | D:3      | Found a basalt altar of Yredelemnul.
  3411 | D:3      | Learned a level 4 spell: Throw Icicle
  3424 | D:3      | Noticed Crazy Yiuf
  3431 | D:3      | Killed Crazy Yiuf
  3564 | D:3      | Noticed an orc warrior
  3611 | D:3      | Slain by an orc warrior

Action                   |  1- 3 |  4- 6 || total
-------------------------+-------+-------++-------
Melee: Unarmed           |     1 |       ||     1
       War axe           |     2 |     5 ||     7
Throw: Javelin           |     4 |     5 ||     9
 Cast: Freeze            |    60 |    70 ||   130
       Throw Frost       |     1 |     4 ||     5
       Ozocubu's Armour  |       |     1 ||     1
  Use: Scroll            |       |     1 ||     1
       Potion            |       |     1 ||     1
  Eat: Chunk             |     3 |     6 ||     9
